 Dungeon Crawl Stone Soup version 0.32-a0-834-geaf45d8e21 (webtiles) character file.

Game seed: 10112578542615766136

609 smashvw the Cudgeller (level 7, -3/44 HPs)
             Began as a Gargoyle Monk on Mar 25, 2024.
             Slain by a crocodile zombie (8 damage)
             ... in an ossuary.
             The game lasted 00:08:11 (2643 turns).

smashvw the Cudgeller (Gargoyle Monk)               Turns: 2643, Time: 00:08:12

Health: -3/44      AC: 15    Str: 17    XL:     7   Next: 43%
Magic:  7/7        EV:  7    Int: 10    God:
Gold:   191        SH:  0    Dex: 12    Spells: 6/6 levels left

rFire   . . .        a - +0 mace
rCold   . . .        d - orb {light}
rNeg    + + .        m - +0 chain mail
rPois   ∞            (no helmet)
rElec   +            (no cloak)
rCorr   .            q - +0 pair of gloves "Raghaj" {rElec rPois rN+}
SInv    .            (no boots)
Will    .....        (no amulet) Stlth
                     (no ring)
HPRegen 0.27/turn    (no ring)
MPRegen 0.10/turn

%: no passive effects
@: glowing
A: sickness immunity, AC +4, negative energy resistance 1, electricity
resistance, torment resistance 1, petrification resistance
a: no special abilities


You were in an ossuary.
You visited 2 branches of the dungeon, and saw 5 of its levels.
You also visited: Ossuary.

You collected 191 gold pieces.

Inventory:

Hand Weapons
 a - a +0 mace (weapon)
Armour
 d - an orb of light (worn)
 m - a +0 chain mail (worn)
 q - the +0 pair of gloves "Raghaj" (worn) {rElec rPois rN+}
   (You found it on level 2 of the Dungeon)

   rElec:     It insulates you from electricity.
   rPois:     It protects you from poison.
   rN+:       It protects you from negative energy.
Jewellery
 r - a +6 ring of intelligence
Wands
 t - a wand of acid (11)
Scrolls
 e - 4 scrolls of identify
 g - 4 scrolls of fog
 j - a scroll of revelation {unknown}
 l - a scroll of immolation {unknown}
 o - a scroll of teleportation {unknown}
 p - a scroll of brand weapon {unknown}
Potions
 b - a potion of curing
 c - a potion of ambrosia
 f - 3 potions of attraction
 h - a potion of invisibility {unknown}
 i - a potion of brilliance {unknown}
 k - 2 potions of mutation {unknown}
 n - a potion of enlightenment {unknown}
 s - a potion of haste {unknown}


   Skills:
 + Level 5.6 Fighting
 * Level 6.5 Maces & Flails
 - Level 3.0 Armour
 - Level 2.4 Dodging


You had 6 spell levels left.
You didn't know any spells.
Your spell library contained the following spells:

 Spells                   Type           Power      Damage    Failure   Level
 Manifold Assault         Tloc           0%         N/A       100%        4
 Dispersal                Tloc           0%         N/A       100%        6
 Disjunction              Tloc           0%         N/A       100%        8


Dungeon Overview and Level Annotations

Branches:
Dungeon (4/15)             Temple (1/1) D:4         Ossuary (1/1)

Altars:
Ashenzari
Cheibriados
Dithmenos
Elyvilon
Fedhas
Gozag
Hepliaklqana
Kikubaaqudgha
Makhleb
Nemelex Xobeh
Sif Muna
Trog
Wu Jian
Xom
Yredelemnul
Zin
The Shining One

Shops:
D:1 [   D:2 (


Innate Abilities, Weirdness & Mutations

You are immune to sickness and miasma.
Your stone body is resilient. (AC +4)
You are immune to poison.
You resist negative energy. (rN+)
You are resistant to electric shocks. (rElec)
You are resistant to unholy torment.
You are immune to petrification.


Message History

The mummy is moderately damaged.
You hit the mummy but do no damage.
The mummy is almost destroyed.
The mummy hits you but does no damage. x2
You sock the mummy!
You destroy the mummy!
The mummy hits you!
* * * LOW HITPOINT WARNING * * *
You hit the mummy but do no damage.
The mummy is moderately damaged.
You completely miss the mummy.
The mummy is moderately damaged.
The mummy hits you but does no damage.
You sock the mummy!
The mummy is severely damaged.
You hit the mummy but do no damage.
The mummy is severely damaged.
The mummy hits you.
* * * LOW HITPOINT WARNING * * *
You hit the mummy but do no damage.
The mummy is severely damaged.
The mummy hits you.
* * * LOW HITPOINT WARNING * * *
You sock the mummy!
You destroy the mummy!
You hit the crocodile zombie but do no damage.
The crocodile zombie is lightly damaged.
The crocodile zombie bites you but does no damage.
You thump the crocodile zombie!
The crocodile zombie is moderately damaged.
The crocodile zombie bites you but does no damage.
You hit the crocodile zombie.
The crocodile zombie is heavily damaged.
The crocodile zombie bites you!
* * * LOW HITPOINT WARNING * * *
The crocodile zombie drags you backwards!
You barely miss the crocodile zombie.
The crocodile zombie is heavily damaged.
The crocodile zombie bites you!
You die...

######## ###########
∩..#...#!!!?#...#...#
...'.∩.#![!!+.∩Z@...#
...#...#!!?!#...#...#
...##### #######...#
...# #...# '### #'###
...# #...# ...# #...#
...# #...# ...# #...#


You could see a crocodile zombie.

Vanquished Creatures
  An ogre (D:4)
  A burial acolyte (Ossuary)
  5 water moccasin zombies (Ossuary)
  A howler monkey (D:3)
  A bullfrog simulacrum (Ossuary)
  A crocodile zombie (Ossuary)
  2 mummies (Ossuary)
  An adder (D:4)
  4 adder zombies (Ossuary)
  2 ribbon worms
  An orc (D:3)
  3 ball pythons
  5 bats
  9 endoplasms
  2 giant cockroaches
  8 gnoll zombies (Ossuary)
  3 goblins
  5 hobgoblins
  6 jackals
  2 quokkas (D:1)
  5 frilled lizards
  5 jackal zombies (Ossuary)
  4 kobolds
  An orc zombie (Ossuary)
  6 rats
84 creatures vanquished.

Notes
Turn   | Place    | Note
-------+----------+-------------------------------------------
     0 | D:1      | smashvw the Gargoyle Monk began the quest for the Orb.
     0 | D:1      | Reached XP level 1. HP: 14/14 MP: 1/1
    34 | D:1      | Found a faded altar of an unknown god.
   173 | D:1      | Reached XP level 2. HP: 17/19 MP: 2/2
   188 | D:1      | Found Azimohie's Antique Armour Boutique.
   310 | D:1      | Reached skill level 1 in Armour
   426 | D:1      | Reached XP level 3. HP: 23/23 MP: 3/3
  1007 | D:2      | Found Busos's Weapon Shop.
  1056 | D:2      | You fall into a shaft and drop 1 floor!
  1358 | D:2      | Identified the +0 pair of gloves "Raghaj" {rElec rPois rN+}
  1683 | D:3      | Reached skill level 4 in Maces & Flails
  1725 | D:3      | Reached XP level 4. HP: 29/29 MP: 4/4
  2003 | D:4      | Found a sand-covered staircase.
  2047 | D:4      | Found a staircase to the Ecumenical Temple.
  2047 | D:4      | Noticed an ogre
  2061 | D:4      | Killed an ogre
  2062 | D:4      | Reached XP level 5. HP: 8/34 MP: 5/5
  2173 | Temple   | Entered the Ecumenical Temple
  2201 | Ossuary  | Entered an ossuary
  2251 | Ossuary  | Reached skill level 5 in Maces & Flails
  2297 | Ossuary  | Reached XP level 6. HP: 24/39 MP: 6/6
  2324 | Ossuary  | Reached skill level 5 in Fighting
  2448 | Ossuary  | Reached skill level 6 in Maces & Flails
  2448 | Ossuary  | Reached XP level 7. HP: 26/44 MP: 7/7
  2643 | Ossuary  | Slain by a crocodile zombie

Illustrated notes

Levels and vault maps discovered:
D:1:      ebering_trefoil_twist, layout_loops_ring,
          hellmonk_ecumenical_altar_dog_temple, serial_shops, shop
D:2:      layout_basic, serial_shops, nicolae_shop_bloodbath_and_beyond,
          serial_bayou_ford_a
D:3:      layout_basic
D:4:      nicolae_BIG_FREAKIN_CUBE, layout_rooms, nicolae_ru_awakened_eye,
          minmay_temple_entry_statues_fountains, serial_shops, shop,
          nicolae_ossuary_entry_false_entrances, small_statue_intersection,
          serial_bayou_lake_a
Temple:   bh_familiar_temple
Ossuary:  ossuary_tomb_2

Skill      XL: |  1  2  3  4  5  6 |
---------------+-------------------+-----
Armour         | 1 2 3 |  3.0
Maces & Flails | 4 5 6 |  6.5
Fighting       | 4 5 |  5.6
Dodging        | |  2.4

Action                     |  1- 3 |  4- 6 |  7- 9 || total
---------------------------+-------+-------+-------++-------
  Melee: Mace              |   122 |   140 |    75 ||   337
    Use: Scroll            |       |     1 |       ||     1
         Potion            |       |     2 |       ||     2
 Armour: Robe              |    69 |       |       ||    69
         Chain mail        |    48 |   133 |    51 ||   232
  Dodge: Dodged            |    80 |    56 |    14 ||   150

Table legend: (Time is in decaauts)
 A = Elapsed time spent in this place.
 B = Non-inter-level travel time spent in this place.
 C = Inter-level travel time spent in this place.
 D = Time resting spent in this place.
 E = Time spent auto-exploring this place.
 F = Levels seen in this place.
 G = Mean time per level.
                   A        B        C        D        E       F      G
               +--------+--------+--------+--------+--------+-----+--------+
         Total |   2701 |   2582 |    119 |      7 |   1867 |   6 |  450.2 |
       Dungeon |   2236 |   2117 |    119 |      7 |   1624 |   4 |  559.0 |
        Temple |      1 |      1 |      0 |      0 |      0 |   1 |    1.0 |
       Ossuary |    462 |    462 |      0 |      0 |    243 |   1 |  462.0 |
               +--------+--------+--------+--------+--------+-----+--------+

Top non-repeatable levels by time:
     D:2: 804 daAuts
     D:1: 796 daAuts
 Ossuary: 462 daAuts
     D:3: 404 daAuts
     D:4: 231 daAuts
  Temple: 1 daAuts
